 Dungeon Crawl Stone Soup version 0.25-a0-2-g6559c6c67a (webtiles) character file.

Game seed: 12416881217879227158, levelgen mode: deterministic

1539 Napalmbreeze the Fighter (level 8, -10/96 HPs)
             Began as an Ogre Berserker on Oct 14, 2019.
             Was a Priest of Trog.
             Mangled by an ogre
             ... wielding a +0 giant club
              (16 damage)
             ... while paralysed
             ... on level 7 of the Dungeon.
             The game lasted 00:12:29 (8202 turns).

Napalmbreeze the Fighter (Ogre Berserker)           Turns: 8202, Time: 00:12:30

Health: -10/96     AC:  4    Str: 28    XL:     8   Next: 86%
Magic:  8/8        EV:  1    Int:  8    God:    Trog [***...]
Gold:   317        SH:  0    Dex:  8    Spells: 7/7 levels left

rFire    . . .     SeeInvis .   a - +0 mace
rCold    . . .     Gourm    .   (no shield)
rNeg     . . .     Faith    .   b - +0 animal skin
rPois    .         Spirit   .   (helmet restricted)
rElec    .         Reflect  .   (no cloak)
rCorr    .         Harm     .   (gloves unavailable)
MR       .....                  (boots unavailable)
Stlth    +.........             (no amulet)
HPRegen  0.26/turn              u - +4 ring of strength
MPRegen  0.11/turn              m - +1 ring of protection

@: paralysed, berserk cooldown, slowed, heavily drained
A: large, unfitting armour, tough skin 1
a: Berserk, Trog's Hand, Renounce Religion


You were on level 7 of the Dungeon.
You worshipped Trog.
Trog was most pleased with you.
You were not hungry.

You visited 1 branch of the dungeon, and saw 7 of its levels.

You collected 317 gold pieces.

Inventory:

Hand Weapons
 a - a +0 mace (weapon)
Armour
 b - a +0 animal skin (worn)
Jewellery
 f - an uncursed ring of fire
 k - an uncursed ring of ice
 m - a +1 ring of protection (right hand)
 u - a +4 ring of strength (left hand)
Wands
 r - a wand of random effects (8)
 t - a wand of polymorph (18)
 y - a wand of iceblast (13)
 z - a wand of flame (22)
Scrolls
 d - a scroll of teleportation {unknown}
 e - a scroll of fog {unknown}
 g - 10 scrolls of identify {unknown}
 j - a scroll of random uselessness {unknown}
 n - 2 scrolls of magic mapping {unknown}
 p - 2 scrolls of immolation {unknown}
 q - 2 scrolls of amnesia {unknown}
 s - 4 scrolls of remove curse
 x - a scroll of fear {unknown}
 A - a scroll of noise {unknown}
 C - a scroll of enchant armour {unknown}
 D - a scroll of blinking {unknown}
Potions
 h - 2 potions of might
 i - 3 potions of haste
 l - a potion of heal wounds {unknown}
 o - 2 potions of flight
 w - 2 potions of ambrosia {unknown}
 B - a potion of mutation {unknown}
Comestibles
 c - 2 rations


   Skills:
 * Level 10.7(9.1) Fighting
 + Level 5.5(4.2) Maces & Flails
 + Level 5.5(4.2) Dodging


You had 7 spell levels left.
You didn't know any spells.
Your spell library was empty.

Dungeon Overview and Level Annotations

Branches:
Dungeon (7/15)             Temple (0/1) D:6

Altars:
Gozag
Hepliaklqana
Kikubaaqudgha
Qazlal
Ru
Xom
The Shining One

Annotations:
D:4 3 runed translucent doors, dorpapst's ghost, amateur HOFi


Innate Abilities, Weirdness & Mutations

You are too large for most types of armour.
You have tough skin. (AC +1)


Message History

The jackal closely misses you. Something hits you. Something shocks you.
The ogre hits you with a +0 giant club!!
* * * LOW HITPOINT WARNING * * *
The orc misses you. The jackal closely misses you.
Something hits you but does no damage.
You feel a strong urge to attack something.
You are no longer berserk.
You pass out from exhaustion.
You feel yourself slow down.
A sky beast appears from thin air!
Reactivating autopickup.
The jackal bites you.
* * * LOW HITPOINT WARNING * * *
The sky beast hits you.
* * * LOW HITPOINT WARNING * * *
The sky beast shocks you.
* * * LOW HITPOINT WARNING * * *
The jackal bites you.
* * * LOW HITPOINT WARNING * * *
The ogre hits you with a +0 giant club!
You die...

... ......#########
...W..#.......####
......#...........
......#...........
......W..O...>....
........oh@.......
......†..Y.....)..
........§.........
.......#≈.........
........#..........
[{.......#..........
.........#..........
.........#..........
...........########


You could see a hungry ghost, a sky beast, an ogre, an orc and a jackal.

Vanquished Creatures
  A hungry ghost (D:7)
  Eustachio (D:5)
  A water moccasin (D:5)
  A sky beast (D:6)
  An orc warrior (D:6)
  An ogre (D:6)
  3 killer bees (D:6)
  3 wights (D:6)
  2 crimson imps
  A gnoll shaman (D:5)
  2 hounds
  A centaur skeleton (D:6)
  3 orc priests
  An orc wizard (D:3)
  2 worker ants
  A hound skeleton (D:4)
  8 adders
  6 gnolls
  An ooze (D:4)
  4 worms
  3 dart slugs
  7 leopard geckos
  20 orcs
  3 ball pythons
  5 bats
  A bat zombie (D:4)
  7 giant cockroaches
  13 goblins
  4 hobgoblins
  12 jackals
  8 kobolds
  4 quokkas
  6 frilled lizards
  A quokka skeleton (D:4)
  9 rats
  A rat zombie (D:4)
  A butterfly (D:3)
149 creatures vanquished.

Notes
Turn   | Place    | Note
-------+----------+-------------------------------------------
     0 | D:1      | Napalmbreeze the Ogre Berserker began the quest for the
                  | Orb.
     0 | D:1      | Reached XP level 1. HP: 24/24 MP: 1/1
    64 | D:1      | Reached XP level 2. HP: 33/33 MP: 2/2
   421 | D:1      | Reached XP level 3. HP: 41/41 MP: 3/3
   646 | D:1      | Reached skill level 5 in Fighting
   647 | D:1      | Reached ** piety under Trog
  1284 | D:2      | Reached XP level 4. HP: 50/50 MP: 4/4
  2246 | D:2      | Reached XP level 5. HP: 59/59 MP: 5/5
  2463 | D:2      | Reached skill level 6 in Fighting
  2695 | D:2      | Found a hazy altar of Hepliaklqana.
  3075 | D:3      | Reached *** piety under Trog
  3474 | D:3      | Found a shimmering altar of Xom.
  3876 | D:3      | Reached XP level 6. HP: 61/68 MP: 6/6
  4016 | D:4      | Reached skill level 7 in Fighting
  4155 | D:4      | Found an ancient bone altar of Kikubaaqudgha.
  4174 | D:4      | Found a glowing golden altar of the Shining One.
  4286 | D:4      | Found a runed translucent gate.
  4287 | D:4      | Found a runed translucent gate.
  4288 | D:4      | Found a runed translucent gate.
  4290 | D:4      | Found an opulent altar of Gozag.
  4290 | D:4      | Noticed a hippogriff
  4290 | D:4      | Noticed dorpapst's ghost (amateur HOFi)
  4569 | D:5      | Entered Level 5 of the Dungeon
  4572 | D:5      | Noticed Eustachio
  4575 | D:5      | Found a stormy altar of Qazlal.
  4591 | D:5      | Killed Eustachio
  4591 | D:5      | Reached XP level 7. HP: 61/79 MP: 7/7
  5029 | D:5      | Reached skill level 8 in Fighting
  6097 | D:6      | Reached skill level 9 in Fighting
  6589 | D:6      | Reached XP level 8. HP: 92/92 MP: 8/8
  6649 | D:6      | Found a staircase to the Ecumenical Temple.
  6680 | D:6      | Reached skill level 5 in Maces & Flails
  6680 | D:6      | Reached skill level 5 in Dodging
  7150 | D:6      | Reached skill level 10 in Fighting
  7356 | D:6      | Found a sacrificial altar of Ru.
  7460 | D:6      | Reached **** piety under Trog
  8202 | D:7      | Mangled by an ogre

Levels and vault maps discovered:
D:1:      sevenhm_arrival_forest_fort_small_3, layout_basic
D:2:      layout_basic, lemuel_round_altar, first_ration,
          kennysheep_generic_room_3
D:3:      layout_basic, xom_butterflies
D:4:      layout_loops_ring, lemuel_zombie_altar_kikubaaqudgha,
          overflow_temple_1_default, ebering_ghost_gozag, minmay_misc_feat_tiny
D:5:      layout_loops_cross, lemuel_round_altar, uniq_eustachio
D:6:      layout_loops_ring, hangedman_ru_absence,
          minmay_temple_entry_mini_moons
D:7:      layout_basic, tgw_sif, serial_shops, shop

Skill      XL: |  1  2  3  4  5  6  7  8 |
---------------+-------------------------+-----
Dodging        | 3 4 5 |  5.5
Maces & Flails | 3 4 5 |  5.5
Fighting       | 5 6 7 9 10 | 10.7

Action                   |  1- 3 |  4- 6 |  7- 9 || total
-------------------------+-------+-------+-------++-------
Melee: Mace              |    93 |   243 |   236 ||   572
Invok: Berserk           |     3 |     7 |    10 ||    20
       Trog's Hand       |       |       |     2 ||     2
  Use: Scroll            |       |     2 |       ||     2
       Potion            |       |       |     6 ||     6
 Stab: Sleeping          |     2 |       |       ||     2
       Distracted        |       |     1 |       ||     1
  Eat: Chunk             |     3 |    14 |    12 ||    29
       Ration            |       |     1 |     7 ||     8
Armor: Animal skin       |    22 |    60 |    76 ||   158
Dodge: Dodged            |    54 |   139 |   142 ||   335

Table legend:
 A = Non-vault XP
 B = Vault XP
 C = Vault XP percentage of total XP
 D = Non-vault monster count
 E = Vault monster count
 F = Vault count percentage of total count
                 A         B        C        D         E       F
            +---------+---------+-------+---------+---------+-------
      Total |    2017 |     182 |   8.3 |     143 |       5 |   3.4
            +---------+---------+-------+---------+---------+-------
        D:1 |      65 |       0 |   0.0 |      29 |       0 |   0.0
        D:2 |     113 |       3 |   2.6 |      32 |       2 |   5.9
        D:3 |     181 |       0 |   0.0 |      28 |       0 |   0.0
        D:4 |      85 |       3 |   3.4 |      10 |       2 |  16.7
        D:5 |     325 |     176 |  35.1 |      14 |       1 |   6.7
        D:6 |    1059 |       0 |   0.0 |      26 |       0 |   0.0
        D:7 |     189 |       0 |   0.0 |       4 |       0 |   0.0
            +---------+---------+-------+---------+---------+-------
